 Dungeon Crawl Stone Soup version 0.22.1-2-g9c5b331383 (webtiles) character file.

504 Ihlosi the Slasher (level 7, -14/53 HPs)
             Began as a Human Gladiator on Nov 23, 2018.
             Was a Follower of the Shining One.
             Demolished by a centaur
             ... wielding the cursed +2 rapier of Responsibility {elec, rElec rPois MR-}
              (19 damage)
             ... on level 5 of the Dungeon.
             The game lasted 00:09:09 (4499 turns).

Ihlosi the Slasher (Human Gladiator)                Turns: 4499, Time: 00:09:09

Health: -14/53     AC: 14    Str: 15    XL:     7   Next: 41%
Magic:  8/8        EV:  8    Int:  9    God:    the Shining One [*.....]
Gold:   277        SH:  0    Dex: 15    Spells: 6/6 levels left

rFire    . . .     SeeInvis .   a - +0 long sword
rCold    . . .     Gourm    .   (no shield)
rNeg     . . .     Faith    .   u - +3 chain mail {rPois}
rPois    +         Spirit   .   c - +1 helmet
rElec    .         Reflect  .   (no cloak)
rCorr    .         Harm     .   (no gloves)
MR       .....                  (no boots)
Stlth    ..........             r - amulet of regeneration
HPRegen  0.57/turn              (no ring)
MPRegen  0.11/turn              (no ring)

@: glowing
A: no striking features
a: Renounce Religion


You were on level 5 of the Dungeon.
You worshipped the Shining One.
The Shining One was aware of your devotion.
You were not hungry.

You visited 1 branch of the dungeon, and saw 5 of its levels.

You collected 277 gold pieces.

Inventory:

Hand Weapons
 a - a +0 long sword (weapon)
 x - a +0 hunting sling
 y - a +0 long sword
Missiles
 d - 3 throwing nets (quivered)
 n - 14 bolts
Armour
 c - a +1 helmet (worn)
 u - a +3 chain mail of poison resistance (worn)
Jewellery
 r - an amulet of regeneration (around neck)
Scrolls
 b - a scroll of fear {unknown}
 h - a scroll of magic mapping
 i - 5 scrolls of remove curse
 j - 3 scrolls of teleportation
 k - a scroll of fog
 m - a scroll of enchant armour
Potions
 e - 5 potions of curing
 g - a potion of flight
 l - a potion of invisibility {unknown}
 o - a potion of berserk rage {unknown}
 p - 3 potions of lignification
 q - 2 potions of heal wounds {unknown}
 s - a potion of mutation {unknown}
 t - a potion of resistance {unknown}
 z - a potion of might {unknown}
Comestibles
 f - 8 rations
 v - 4 chunks of flesh


   Skills:
 * Level 3.7 Fighting
 + Level 5.1 Long Blades
 - Level 2.0 Throwing
 - Level 3.0 Armour
 + Level 3.6 Dodging
 - Level 1.0 Stealth
 * Level 2.4 Invocations
   Level 0.7 Evocations


You had 6 spell levels left.
You didn't know any spells.
Your spell library was empty.

Dungeon Overview and Level Annotations

Branches:
Dungeon (5/15)
 Temple: D:4-7

Altars:
Cheibriados
Dithmenos
Elyvilon
Qazlal
Trog
Xom
The Shining One


Message History

The centaur is moderately wounded.
The centaur barely misses you. The centaur closely misses you.
You slash the centaur!
The centaur is severely wounded.
The centaur hits you but does no damage.
You hit the centaur.
The centaur is severely wounded.
The centaur hits you with an ichor-stained rapier {elec}.
The centaur hits you but does no damage.
You hit the centaur.
The centaur is almost dead.
The centaur hits you but does no damage.
You are electrocuted!
* * * LOW HITPOINT WARNING * * *
You hit the centaur.
The centaur is almost dead.
The centaur hits you with an ichor-stained rapier {elec}!
* * * LOW HITPOINT WARNING * * *
You are electrocuted!
You die...

##..# ##............ ##.###
###.)÷....... #...#
#..........
###.#######...).... §
##..<..##.)........ .
##.................# .
#........†.........# .
#................... ≈
#..........@.......# .
#...........c.........#####.
#.........)...............<.
#.....................###...
##................. .).S.
##................ .......
###..#.#######.##.h.z#....
#.##.# .# .#....... #.# .#
.........


You could see a centaur.

Vanquished Creatures
  A phantom (D:4)
  A howler monkey (D:5)
  A hound (D:4)
  3 centaur skeletons (D:4)
  Terence (D:3)
  An orc wizard (D:5)
  2 worker ants
  A hound skeleton (D:4)
  7 adders
  A shadow imp (D:5)
  3 worms
  4 leopard geckos
  3 orcs
  13 bats
  3 giant cockroaches
  10 goblins
  5 hobgoblins
  6 jackals
  7 kobolds
  4 quokkas
  2 ball pythons
  2 frilled lizards (D:4)
  5 rats
86 creatures vanquished.

Vanquished Creatures (others)
  A giant cockroach zombie (D:5)
1 creature vanquished.

Grand Total: 87 creatures vanquished

Notes
Turn   | Place    | Note
-------+----------+-------------------------------------------
     0 | D:1      | Ihlosi the Human Gladiator began the quest for the Orb.
     0 | D:1      | Reached XP level 1. HP: 16/16 MP: 1/1
    74 | D:1      | Reached XP level 2. HP: 10/22 MP: 2/2
   472 | D:1      | Reached XP level 3. HP: 25/27 MP: 3/3
   589 | D:1      | Reached skill level 1 in Stealth
   649 | D:1      | Reached skill level 1 in Armour
  1270 | D:2      | Reached XP level 4. HP: 17/34 MP: 4/4
  1709 | D:2      | Found a glowing golden altar of the Shining One.
  1716 | D:2      | Became a worshipper of the Shining One
  1877 | D:2      | Found a bloodstained altar of Trog.
  2546 | D:3      | Noticed Terence
  2554 | D:3      | Found a stormy altar of Qazlal.
  2611 | D:3      | Reached XP level 5. HP: 19/39 MP: 5/5
  2978 | D:3      | Killed Terence
  3182 | D:3      | Found a shadowy altar of Dithmenos.
  3263 | D:4      | Noticed a phantom
  3325 | D:4      | Found a snail-covered altar of Cheibriados.
  3327 | D:4      | Found a white marble altar of Elyvilon.
  3369 | D:4      | Reached skill level 4 in Long Blades
  3369 | D:4      | Reached skill level 1 in Invocations
  3397 | D:4      | Reached XP level 6. HP: 47/47 MP: 6/6
  3542 | D:4      | Noticed a phantom
  3562 | D:4      | Killed a phantom
  3661 | D:4      | Reached * piety under the Shining One
  3808 | D:4      | Reached XP level 7. HP: 48/52 MP: 8/8
  4244 | D:5      | Entered Level 5 of the Dungeon
  4302 | D:5      | Found a shimmering altar of Xom.
  4394 | D:5      | Reached skill level 5 in Long Blades
  4499 | D:5      | Identified the cursed +2 rapier of Responsibility {elec,
                  | rElec rPois MR-}
  4499 | D:5      | Demolished by a centaur

Skill      XL: |  1  2  3  4  5  6  7 |
---------------+----------------------+-----
Stealth        | 1 |  1.0
Armour         | 1 2 3 |  3.0
Long Blades    | 4 5 |  5.1
Invocations    | 1 2 |  2.4
Fighting       | 3 |  3.7
Throwing       | |  2.0
Dodging        | |  3.6
Evocations     | |  0.7

Action                   |  1- 3 |  4- 6 |  7- 9 || total
-------------------------+-------+-------+-------++-------
Melee: Long sword        |   110 |   136 |    52 ||   298
Evoke: Wand              |       |     6 |       ||     6
  Use: Scroll            |       |     9 |     1 ||    10
 Stab: Sleeping          |     2 |       |       ||     2
  Eat: Chunk             |     1 |     8 |     3 ||    12
Armor: Leather armour    |    38 |    23 |       ||    61
       Chain mail        |       |    78 |    45 ||   123
Dodge: Dodged            |    97 |   102 |    18 ||   217
       Rpst.: Long sword |    33 |    29 |     5 ||    67
